 Dungeon Crawl Stone Soup version 0.31-a0-185-g9dded2c639 (webtiles) character file.

Game seed: 121990573259406453

1705 qw the Skirmisher (level 8, -13/48 HPs)
             Began as a Deep Elf Hunter on June 22, 2023.
             Was a Believer of Okawaru.
             Mangled by a two-headed ogre
             ... wielding a +0 giant club
              (19 damage)
             ... on level 9 of the Dungeon.
             The game lasted 00:02:02 (4908 turns).

qw the Skirmisher (Deep Elf Hunter)                 Turns: 4908, Time: 00:02:02

Health: -13/48     AC: 11    Str: 10    XL:     8   Next: 73%
Magic:  11/13      EV: 15    Int: 15    God:    Okawaru [**....]
Gold:   414        SH:  0    Dex: 18    Spells: 7/7 levels left

rFire   . . .        Y - +0 orcbow
rCold   . . .        (shield currently unavailable)
rNeg    . . .        e - +2 ring mail
rPois   .            (no helmet)
rElec   .            (no cloak)
rCorr   .            c - +2 pair of gloves {hurl}
SInv    .            (no boots)
Will    .....        (no amulet)
Stlth   +++          j - +4 ring of slaying {mikee}
HPRegen 0.28/turn    (no ring)
MPRegen 0.13/turn

%: no passive effects
@: about to teleport, heroic
A: no striking features
a: Renounce Religion, Heroism


You were on level 9 of the Dungeon.
You worshipped Okawaru.
Okawaru was pleased with you.
You visited 1 branch of the dungeon, and saw 8 of its levels.
You also visited: Sewer.

You collected 414 gold pieces.


   Skills:
 - Level 4.0(9.0) Fighting
 + Level 12.5(17.5) Ranged Weapons
 - Level 1.2(6.2) Armour
 - Level 4.0(9.0) Dodging
 - Level 1.2(6.2) Stealth
 - Level 4.2 Invocations


You had 7 spell levels left.
You didn't know any spells.
Your spell library was empty.

Inventory:

Hand Weapons
 Y - a +0 orcbow (weapon)
Armour
 c - a +2 pair of gloves of hurling (worn)
 e - a +2 ring mail (worn)
Jewellery
 f - a ring of ice
 j - a +4 ring of slaying (left hand) {mikee}
Scrolls
 a - 3 scrolls of teleportation
Potions
 b - a potion of brilliance {unknown}
 d - 3 potions of might
 g - a potion of lignification {unknown}
 h - 2 potions of enlightenment
 i - a potion of resistance {unknown}
 k - a potion of curing {unknown}
 l - a potion of cancellation {unknown}
 n - a potion of heal wounds {unknown}

Dungeon Overview and Level Annotations

Branches:
Dungeon (7/15)             Temple (0/1) D:6           Sewer (visited)

Altars:
Ashenzari
Cheibriados
Elyvilon
Gozag
Makhleb
Okawaru
Qazlal
Trog
Uskayaw
Wu Jian
Xom
The Shining One

Annotations:
D:5 3 runed translucent doors, exclusion: gnoll, qw's ghost, novice GrFi


Message History

What level of the Dungeon? (default 1, ? - help)
There is a stone staircase leading up here.
There is a stone staircase leading down here.
You climb downwards.
A sourceless malevolence fills the Dungeon...
You fall into a shaft and drop 2 floors!
The shaft crumbles and collapses.
Found 19 gold pieces.
Sorry, I don't know how to get there.
Waypoint 7 assigned to D:9.
You now have 414 gold pieces (gained 19).
Found a plate armour.
You see here a +0 plate armour.
You feel less attractive to monsters.
You open the door.
A two-headed ogre comes into view.
It is wielding a +0 giant club and a +0 giant spiked club.
The two-headed ogre shouts in stereo!
The two-headed ogre moves out of view.
Found an escape hatch in the ceiling.
There is an open door here.
4902 ||| INVOKING Heroism.
You gain the combat prowess of a mighty hero.
You shoot an arrow.
The arrow barely misses the two-headed ogre.
You shoot an arrow. The arrow hits the two-headed ogre!
The two-headed ogre is moderately wounded.
You shoot an arrow. The arrow hits the two-headed ogre!
The two-headed ogre is heavily wounded.
The two-headed ogre hits you with a +0 giant club!
The two-headed ogre barely misses you.
You shoot an arrow. The arrow hits the two-headed ogre!
The two-headed ogre is severely wounded.
You shoot an arrow. The arrow hits the two-headed ogre!
The two-headed ogre is almost dead.
The two-headed ogre hits you with a +0 giant club!!
The two-headed ogre hits you with a +0 giant spiked club.
4908 ||| READING 4 scrolls of teleportation.
As you read the scroll of teleportation, it crumbles to dust.
You feel strangely unstable.
The two-headed ogre hits you with a +0 giant club!!
You die...

#....#..........+
#....#..........# ...#
#....#..........# ...#
#....#..........# ....#
#....#..........# ....#
#....#....##...## ....#
#...##....##...###....##
#...##[...##....#O.<....
#..........#....@.......
#..........#....#.......
#..........#....#.......
########################


You could see a two-headed ogre.

Vanquished Creatures
  Pikel (D:6)
  An ice beast (D:6)
  Pargi (Sewer)
  2 ogres
  A centaur (D:6)
  A lemure (D:6)
  A howler monkey (D:4)
  2 hounds
  A jelly (D:5)
  2 orc priests (D:6)
  A sleepcap (D:5)
  5 iguanas
  7 orc wizards
  7 gnolls
  A river rat (D:4)
  7 adders
  A white imp (D:6)
  An ufetubus (D:6)
  3 worms
  3 dart slugs (D:1)
  25 orcs
  7 ball pythons
  5 bats
  5 endoplasms
  3 giant cockroaches
  8 goblins
  6 hobgoblins
  13 jackals
  5 frilled lizards
  8 kobolds
  4 rats
138 creatures vanquished.

Vanquished Creatures (others)
  A wizard (D:4)
1 creature vanquished.

Grand Total: 139 creatures vanquished

Notes
Turn   | Place    | Note
-------+----------+-------------------------------------------
     0 | D:1      | qw the Deep Elf Hunter began the quest for the Orb.
     0 | D:1      | Reached XP level 1. HP: 12/12 MP: 3/3
     0 | D:1      | 0 ||| qw: Version: 0.3-a-9-g12657ce
     0 | D:1      | 0 ||| qw: Game counter: 1764
     0 | D:1      | 0 ||| qw: Always use a shield: true
     0 | D:1      | 0 ||| qw: God list: Okawaru
     0 | D:1      | 0 ||| qw: Allow faded altars: false
     0 | D:1      | 0 ||| qw: Do Orc after D:15 true
     0 | D:1      | 0 ||| qw: Do second Lair branch before Depths: true
     0 | D:1      | 0 ||| qw: Lair rune preference: random
     0 | D:1      | 0 ||| qw: Plans: Normal
     0 | D:1      | 0 ||| PLANNING D:1-11
    83 | D:1      | Reached XP level 2. HP: 12/16 MP: 4/4
   133 | D:1      | Reached skill level 6 in Ranged Weapons
   209 | D:1      | HP: 4/16 [dart slug/slug dart (3)]
   400 | D:1      | Reached XP level 3. HP: 18/20 MP: 5/5
   491 | D:1      | 491 ||| UPGRADING to +0 ring mail.
   501 | D:1      | 501 ||| DROPPING +0 leather armour.
   502 | D:1      | 502 ||| DROPPING ring of wizardry.
   503 | D:1      | 503 ||| READING 2 scrolls labelled DOECZOURYR.
   507 | D:1      | 507 ||| DROPPING scroll of butterflies.
   586 | D:2      | Reached skill level 7 in Ranged Weapons
   739 | D:2      | Reached XP level 4. HP: 25/25 MP: 6/6
  1190 | D:2      | 1190 ||| READING scroll labelled FENKUO QOMN.
  1191 | D:2      | 1191 ||| READING scroll labelled QATOVU USIANAL.
  1192 | D:2      | 1192 ||| READING scroll labelled XUXZY COHARUO.
  1192 | D:2      | Identified a scroll of acquirement
  1192 | D:2      | 1192 ||| ACQUIRING +2 pair of gloves of hurling
  1192 | D:2      | Acquired a +2 pair of gloves of hurling
  1194 | D:2      | 1194 ||| UPGRADING to +2 pair of gloves of hurling.
  1199 | D:2      | 1199 ||| DRINKING 2 green potions.
  1200 | D:2      | 1200 ||| DRINKING 3 bubbling pink potions.
  1246 | D:3      | Found an iron altar of Okawaru.
  1247 | D:3      | 1247 ||| PLANNING OKAWARU WORSHIP
  1322 | D:3      | Found a faded altar of an unknown god.
  1376 | D:3      | 1376 ||| READING 2 scrolls labelled FARIHI EMUNAU.
  1377 | D:3      | 1377 ||| DROPPING scroll of amnesia.
  1441 | D:3      | Became a worshipper of Warmaster Okawaru
  1442 | D:3      | 1442 ||| PLANNING D:1-11
  1556 | D:3      | Found a stormy altar of Qazlal.
  1599 | D:3      | Reached skill level 8 in Ranged Weapons
  1912 | D:3      | 1912 ||| READING scroll labelled GONOXU ZIUZXULL.
  1913 | D:3      | 1913 ||| READING scroll labelled HOTIK JUIM.
  1940 | D:4      | 1940 ||| PLANNING SEWER
  2059 | D:4      | Reached XP level 5. HP: 27/29 MP: 7/7
  2178 | D:4      | Found a glowing drain.
  2179 | D:4      | 2179 ||| UPGRADING to +4 ring of slaying {mikee}.
  2183 | Sewer    | Entered a sewer
  2188 | Sewer    | 2188 ||| Stepping ~*~*~tactically~*~*~ (water).
  2195 | Sewer    | 2195 ||| Stepping ~*~*~tactically~*~*~ (water).
  2242 | Sewer    | Noticed Pargi
  2251 | Sewer    | Killed Pargi
  2252 | Sewer    | Reached skill level 9 in Ranged Weapons
  2252 | Sewer    | Reached XP level 6. HP: 26/34 MP: 8/8
  2313 | Sewer    | 2313 ||| READING scroll labelled CUDGHY OMEPPY.
  2314 | Sewer    | 2314 ||| READING scroll labelled HOENICWUSY.
  2332 | D:4      | 2332 ||| PLANNING D:1-11
  2584 | D:4      | Reached * piety under Okawaru
  2698 | D:4      | Found a bloodstained altar of Trog.
  2700 | D:4      | Noticed a wizard
  2705 | D:4      | Killed a wizard
  3013 | D:4      | 3013 ||| READING scroll labelled KYROUR GIFOBETT.
  3014 | D:4      | 3014 ||| READING scroll labelled SOCEHA SOSTRAOXU.
  3027 | D:5      | Entered Level 5 of the Dungeon
  3028 | D:5      | 3028 ||| INVOKING Heroism.
  3031 | D:5      | Reached skill level 10 in Ranged Weapons
  3038 | D:5      | Reached skill level 3 in Dodging
  3039 | D:5      | 3039 ||| STAIRDANCE
  3039 | D:5      | HP: 6/35 [gnoll/+0 halberd (8)]
  3180 | D:5      | Noticed an ice beast
  3181 | D:5      | Noticed qw's ghost (novice GrFi)
  3190 | D:5      | Found a runed translucent gate.
  3190 | D:5      | Found a runed translucent gate.
  3190 | D:5      | Found a runed translucent gate.
  3206 | D:5      | Reached skill level 1 in Armour
  3234 | D:5      | Found an ornate altar of the Wu Jian Council.
  3234 | D:5      | Found an opulent altar of Gozag.
  3245 | D:5      | Found a hide-covered altar of Uskayaw.
  3248 | D:5      | Found a burning altar of Makhleb.
  3250 | D:5      | Found a shimmering altar of Xom.
  3255 | D:5      | Found a white marble altar of Elyvilon.
  3256 | D:5      | 3256 ||| INVOKING Heroism.
  3263 | D:5      | Reached XP level 7. HP: 37/40 MP: 6/9
  3398 | D:5      | 3398 ||| READING scroll of acquirement.
  3398 | D:5      | 3398 ||| ACQUIRING +4 shortbow of freezing
  3398 | D:5      | Acquired a +4 shortbow of freezing
  3400 | D:5      | 3400 ||| SWAPPING to +4 shortbow of freezing.
  3401 | D:5      | 3401 ||| DROPPING +1 shortbow of freezing.
  3410 | D:5      | 3410 ||| READING scroll of enchant armour.
  3410 | D:5      | 3410 ||| ENCHANTING +0 ring mail.
  3422 | D:5      | Reached skill level 11 in Ranged Weapons
  3843 | D:5      | 3843 ||| READING scroll labelled SIUTAO CEIST.
  3844 | D:5      | 3844 ||| READING scroll labelled QUKIZE OSEUCW.
  3846 | D:5      | 3846 ||| Stepping ~*~*~tactically~*~*~ (cloud).
  4032 | D:6      | Found a staircase to the Ecumenical Temple.
  4044 | D:6      | 4044 ||| Stepping ~*~*~tactically~*~*~ (outnumbered).
  4055 | D:6      | 4055 ||| Stepping ~*~*~tactically~*~*~ (outnumbered).
  4057 | D:6      | 4057 ||| Stepping ~*~*~tactically~*~*~ (outnumbered).
  4059 | D:6      | 4059 ||| Stepping ~*~*~tactically~*~*~ (outnumbered).
  4073 | D:6      | Reached skill level 12 in Ranged Weapons
  4128 | D:6      | 4128 ||| READING scroll of enchant armour.
  4128 | D:6      | 4128 ||| ENCHANTING +1 ring mail.
  4229 | D:6      | Reached skill level 1 in Invocations
  4272 | D:6      | 4272 ||| INVOKING Heroism.
  4276 | D:6      | Reached XP level 8. HP: 45/45 MP: 7/11
  4412 | D:6      | Noticed Pikel
  4413 | D:6      | 4413 ||| INVOKING Heroism.
  4418 | D:6      | Killed Pikel
  4418 | D:6      | Reached ** piety under Okawaru
  4460 | D:6      | Found a glowing golden altar of the Shining One.
  4460 | D:6      | Found a snail-covered altar of Cheibriados.
  4466 | D:6      | Found a faded altar of an unknown god.
  4468 | D:6      | Found a broken altar of Ashenzari.
  4470 | D:6      | Found a faded altar of an unknown god.
  4600 | D:6      | 4600 ||| SWAPPING to +0 orcbow.
  4601 | D:6      | 4601 ||| DROPPING +4 shortbow of freezing.
  4766 | D:6      | 4766 ||| READING scroll labelled VULOZE MUSMAR.
  4767 | D:6      | 4767 ||| READING scroll labelled DOTAAMNO DAPIT.
  4868 | D:6      | 4868 ||| DRINKING 2 metallic pink potions.
  4869 | D:6      | 4869 ||| DROPPING potion of attraction.
  4879 | D:7      | You fall into a shaft and drop 2 floors!
  4900 | D:9      | Noticed a two-headed ogre
  4902 | D:9      | 4902 ||| INVOKING Heroism.
  4907 | D:9      | HP: 12/48 [two-headed ogre/+0 giant club (20)]
  4908 | D:9      | 4908 ||| READING 4 scrolls of teleportation.
  4908 | D:9      | Mangled by a two-headed ogre

Levels and vault maps discovered:
D:1:      amcnicky_arrival_flooded_fountain, layout_rooms
D:2:      layout_basic, chequers_serial_rivers_small_3
D:3:      layout_loops_ring, pf_just_have_faith, mainiacjoe_overflow_paths,
          ebering_ecumenical_altar_ruins
D:4:      nicolae_BIG_FREAKIN_CUBE, layout_loops_corners, trog_wizard,
          gup_sewer_entry_bowl
D:5:      layout_loops_ring, nicolae_overflow_hallway_of_the_gods,
          gammafunk_ghost_split
D:6:      layout_loops_ring, chequers_temple_overflow_minitemple,
          temple_fountains, uniq_pikel
D:7:      layout_gridville
D:9:      lemuel_ice_statue, layout_gridville, mainiacjoe_overflow_24_doors

Skill      XL: |  1  2  3  4  5  6  7  8 |
---------------+-------------------------+-----
Ranged Weapons | 6 7 8 9 10 12 | 12.5
Fighting       | 2 4 |  4.0
Dodging        | 3 4 |  4.0
Armour         | 1 |  1.2
Invocations    | 1 4 |  4.2
Stealth        | |  1.2

Action                     |  1- 3 |  4- 6 |  7- 9 || total
---------------------------+-------+-------+-------++-------
   Fire: Shortbow          |   125 |   198 |   100 ||   423
         Orcbow            |       |       |     5 ||     5
 Invoke: Heroism           |       |     2 |     3 ||     5
    Use: Scroll            |     1 |    10 |     8 ||    19
         Potion            |       |     2 |     1 ||     3
 Armour: Leather armour    |    11 |       |       ||    11
         Ring mail         |    15 |    39 |     1 ||    55
  Dodge: Dodged            |    58 |    42 |     7 ||   107

Table legend:
 A = Non-vault XP
 B = Vault XP
 C = Vault XP percentage of total XP
 D = Non-vault monster count
 E = Vault monster count
 F = Vault count percentage of total count
                 A         B        C        D         E       F
            +---------+---------+-------+---------+---------+-------
      Total |    1625 |     812 |  33.3 |     130 |       7 |   5.1
            +---------+---------+-------+---------+---------+-------
        D:1 |      50 |       0 |   0.0 |      24 |       0 |   0.0
        D:2 |      75 |       0 |   0.0 |      28 |       0 |   0.0
        D:3 |      37 |       0 |   0.0 |       9 |       0 |   0.0
        D:4 |     208 |      15 |   6.7 |      18 |       2 |  10.0
        D:5 |     446 |       0 |   0.0 |      16 |       0 |   0.0
        D:6 |     809 |     663 |  45.0 |      35 |       1 |   2.8
      Sewer |       0 |     134 | 100.0 |       0 |       4 | 100.0
            +---------+---------+-------+---------+---------+-------
